Map: Dead of Night

Players

Nelio

  • Race: Protoss Protoss
  • Spawn Location: 0:00

NamroodTuo

  • Race: Terran Terran
  • Spawn Location: 0:00

VOD

Have the link to the VOD?

Description

Time

  • Played on: March 23, 2023, 6:39 a.m.
  • Length: 25:27
Show
View Real Time Build Order
Export as new Build Order

Nelio Protoss 

Build Orders:  

Get SALT Encoding   

  12  0:03  Probe (Chrono Boost)  
  13  0:16  Probe (Chrono Boost)  
  14  0:25  Pylon  
  14  0:31  Probe (Chrono Boost)  
  15  0:49  Probe (Chrono Boost)  
  16  1:03  Probe (Chrono Boost), Assimilator  
  17  1:17  Probe (Chrono Boost)  
  17  1:18  Gateway  
  18  1:30  Pylon  
  18  1:31  Probe (Chrono Boost)  
  19  1:42  Assimilator  
  19  1:45  Probe (Chrono Boost)  
  20  1:58  Probe (Chrono Boost)  
  21  2:12  Probe (Chrono Boost)  
  21  2:13  Forge  
  22  2:23  Assimilator  
  22  2:26  Probe (Chrono Boost)  
  23  2:34  Cybernetics Core  
  23  2:40  Probe (Chrono Boost)  
  24  2:54  Probe (Chrono Boost)  
  25  3:02  Pylon  
  25  3:08  Probe (Chrono Boost)  
  26  3:16  Pylon  
  26  3:22  Probe (Chrono Boost)  
  27  3:36  Probe (Chrono Boost), Stargate  
  28  3:47  Stargate  
  28  3:49  Probe (Chrono Boost)  
  29  4:03  Probe (Chrono Boost)  
  29  4:08  Stargate  
  30  4:17  Probe (Chrono Boost), Pylon  
  31  4:31  Probe (Chrono Boost)  
  32  4:45  Probe (Chrono Boost)  
  33  4:50  Fleet Beacon  
  33  4:59  Probe (Chrono Boost)  
  34  5:13  Probe (Chrono Boost)  
  34  5:15  Pylon  
  35  5:27  Probe (Chrono Boost)  
  36  5:40  Pylon  
  36  5:42  Pylon, Protoss Air Weapons Level 1  
  36  5:43  Protoss Shields Level 1  
  36  5:44  Pylon  
  36  5:53  Disintegration  
  36  6:09  Tempest  
  40  6:29  Tempest  
  44  6:56  Tempest  
  48  7:03  Probe (Chrono Boost)  
  49  7:10  Pylon  
  49  7:15  Pylon  
  49  7:16  Probe (Chrono Boost)  
  50  7:30  Probe (Chrono Boost)  
  51  7:44  Probe (Chrono Boost), Tempest  
  56  7:58  Probe (Chrono Boost)  
  57  8:12  Probe (Chrono Boost)  
  58  8:21  Protoss Air Armor Level 1  
  58  8:22  Tempest  
  58  8:26  Probe (Chrono Boost)  
  63  8:40  Probe (Chrono Boost)  
  64  8:51  Tempest  
  64  8:54  Probe (Chrono Boost)  
  69  9:14  Tempest  
  73  9:23  Pylon  
  73  9:53  Pylon  
  73  9:55  Pylon  
  73  9:58  Pylon  
  73  10:04  Pylon  
  73  10:17  Tempest  
  73  10:19  Tempest  
  81  10:58  Photon Cannon  
  81  10:59  Photon Cannon  
  81  11:01  Photon Cannon  
  81  11:03  Photon Cannon  
  81  11:05  Photon Cannon  
  81  11:07  Photon Cannon  
  81  11:11  Photon Cannon  
  81  11:17  Photon Cannon  
  81  11:20  Photon Cannon  
  81  11:25  Photon Cannon  
  81  11:29  Photon Cannon  
  81  11:43  Photon Cannon  
  81  11:44  Photon Cannon  
  81  11:52  Photon Cannon  
  81  11:57  Pylon  
  81  12:04  Pylon  
  81  12:13  Pylon  
  81  12:27  Tempest  
  85  12:43  Tempest  
  89  12:57  Protoss Air Weapons Level 2  
  89  13:00  Tempest  
  93  13:15  Twilight Council  
  93  14:08  Tempest  
  93  14:09  Tempest  
  101  14:11  Tempest  
  105  14:22  Protoss Shields Level 2  
  105  15:08  Tempest  
  109  15:13  Robotics Facility  
  109  15:21  Pylon  
  109  15:24  Pylon  
  109  15:25  Pylon  
  109  15:47  Tempest  
  113  16:20  Observer  
  113  16:29  Tempest  
  118  16:58  Tempest  
  122  17:28  Tempest  
  126  17:52  Tempest  
  130  18:08  Photon Cannon  
  130  18:09  Photon Cannon  
  130  18:11  Photon Cannon  
  130  18:13  Photon Cannon  
  130  18:16  Photon Cannon  
  130  18:17  Photon Cannon  
  130  18:18  Photon Cannon  
  129  18:22  Photon Cannon  
  129  18:26  Photon Cannon  
  129  18:28  Photon Cannon  
  129  18:29  Photon Cannon  
  129  19:15  Tempest  
  129  19:16  Tempest  
  129  19:17  Tempest  
  141  19:45  Tempest  
  144  20:28  Protoss Air Weapons Level 3  
  144  20:33  Photon Cannon  
  144  20:36  Photon Cannon  
  144  20:40  Photon Cannon  
  144  20:42  Photon Cannon  
  144  20:44  Photon Cannon  
  144  20:45  Tempest  
  144  20:46  Photon Cannon  
  144  20:49  Photon Cannon  
  148  20:52  Photon Cannon  
  148  21:44  Photon Cannon  
  148  21:46  Photon Cannon  
  148  21:48  Photon Cannon  
  148  22:21  Tempest  
  148  22:24  Tempest  
  156  22:55  Tempest  
  156  22:59  Tempest  
  164  23:31  Tempest  
  168  23:50  Tempest  
  172  25:01  Tempest  
  172  25:02  Tempest  
Show
View Real Time Build Order
Export as new Build Order

NamroodTuo Terran 

Build Orders:  

Get SALT Encoding   

  12  0:03  SCV  
  13  0:17  SCV  
  14  0:30  SCV  
  14  0:39  Supply Depot  
  15  0:54  SCV  
  16  1:07  SCV  
  17  1:21  SCV  
  17  1:25  Factory  
  18  1:35  SCV  
  19  1:48  SCV  
  20  1:51  Refinery  
  20  1:53  Refinery  
  20  1:57  Refinery  
  20  2:02  SCV  
  21  2:15  SCV  
  22  2:34  Perdition Turret  
  22  2:38  Perdition Turret  
  22  2:49  SCV, Perdition Turret  
  23  2:59  Supply Depot  
  23  3:07  Perdition Turret  
  23  3:10  Perdition Turret  
  23  3:25  Perdition Turret  
  23  3:39  Perdition Turret  
  23  3:42  Perdition Turret  
  23  3:53  Perdition Turret, Devastation Turret  
  23  3:54  Perdition Turret x2  
  23  3:58  Perdition Turret  
  23  3:59  Perdition Turret x2  
  23  4:01  Perdition Turret  
  23  4:02  Perdition Turret  
  23  4:06  SCV  
  24  4:10  Perdition Turret x2  
  24  4:11  Perdition Turret, Devastation Turret  
  24  4:14  Perdition Turret  
  24  4:15  Perdition Turret  
  24  4:18  Perdition Turret  
  24  4:19  Perdition Turret  
  24  4:28  Devastation Turret  
  24  4:32  Perdition Turret  
  24  4:38  Perdition Turret  
  24  4:41  SCV  
  24  4:45  Perdition Turret  
  25  4:50  Perdition Turret x3  
  25  4:51  Perdition Turret  
  25  4:52  Perdition Turret  
  25  4:53  Perdition Turret  
  25  4:54  SCV  
  25  4:58  Devastation Turret  
  26  5:04  Perdition Turret  
  26  5:06  Perdition Turret  
  26  5:15  Perdition Turret  
  26  5:19  SCV, Perdition Turret  
  27  5:20  Perdition Turret  
  27  5:21  Perdition Turret  
  27  5:23  Perdition Turret x2  
  27  5:24  Perdition Turret  
  27  5:25  Perdition Turret  
  27  5:28  Perdition Turret  
  27  5:29  Perdition Turret  
  27  5:30  Perdition Turret  
  27  5:32  SCV  
  27  5:35  Perdition Turret  
  28  5:40  Supply Depot  
  28  5:42  Perdition Turret  
  28  5:46  SCV  
  28  5:48  Perdition Turret  
  29  5:53  Perdition Turret  
  29  5:55  Perdition Turret  
  29  5:56  Perdition Turret  
  29  5:57  Perdition Turret  
  29  5:59  SCV  
  29  6:01  Perdition Turret  
  29  6:03  Engineering Bay  
  30  6:10  Perdition Turret  
  30  6:11  Supply Depot  
  30  6:13  Perdition Turret x2  
  30  6:16  Perdition Turret  
  30  6:21  Perdition Turret  
  30  6:23  Perdition Turret  
  30  6:24  Perdition Turret  
  30  6:29  Perdition Turret  
  30  6:34  SCV  
  30  6:35  Perdition Turret x2  
  30  6:36  Armory, Perdition Turret  
  30  6:37  Perdition Turret x2  
  31  6:41  Perdition Turret  
  31  6:48  SCV  
  31  6:49  Perdition Turret  
  32  6:50  Perdition Turret x2  
  32  6:51  Perdition Turret, Upgrade Laser Drill Level 1  
  32  6:52  Perdition Turret  
  32  6:58  Perdition Turret  
  32  7:01  SCV, Perdition Turret  
  32  7:03  Perdition Turret, Spinning Dizzy  
  33  7:11  Perdition Turret  
  33  7:14  Perdition Turret  
  33  7:15  SCV  
  33  7:18  Spinning Dizzy  
  34  7:20  Perdition Turret x2  
  34  7:25  Perdition Turret  
  34  7:26  Perdition Turret x2  
  34  7:28  SCV  
  35  7:31  Perdition Turret  
  35  7:42  SCV  
  36  7:56  SCV  
  37  8:00  Starport  
  37  8:09  SCV  
  37  8:13  Spinning Dizzy  
  38  8:26  Advanced Optics  
  38  8:34  Devastation Turret  
  38  8:37  SCV  
  39  8:50  SCV  
  40  9:07  Devastation Turret  
  40  9:22  Devastation Turret  
  40  9:24  SCV  
  40  9:29  Devastation Turret  
  41  9:37  SCV  
  42  9:46  Devastation Turret  
  42  9:47  Upgrade Laser Drill Level 2  
  42  9:51  SCV  
  42  9:54  Devastation Turret  
  43  10:04  SCV, Perdition Turret  
  44  10:16  Perdition Turret  
  44  10:18  SCV  
  45  10:26  Regenerative Bio-Steel  
  45  10:28  Devastation Turret  
  45  10:32  Devastation Turret  
  45  10:45  Starport  
  45  10:58  Starport Tech Reactor  
  45  11:12  Devastation Turret  
  45  11:20  Spinning Dizzy  
  45  11:39  Fire-Suppression Systems  
  45  11:40  Spinning Dizzy  
  45  11:44  Devastation Turret  
  45  11:56  Terran Vehicle and Ship Weapons Level 1  
  45  12:08  SCV  
  46  12:20  Supply Depot  
  46  12:21  SCV, Supply Depot  
  46  12:24  Starport Tech Reactor  
  47  12:39  KMC Auto-Loaders  
  47  12:44  Perdition Turret  
  47  12:49  Devastation Turret  
  47  12:51  Supply Depot  
  47  12:56  Supply Depot  
  47  13:02  Devastation Turret  
  47  13:08  Perdition Turret  
  47  13:18  Wraith  
  47  13:19  Science Vessel  
  51  13:23  Wraith  
  51  13:25  Science Vessel  
  51  13:27  Perdition Turret, Devastation Turret  
  55  13:30  Perdition Turret  
  55  13:31  Pulse Amplifier  
  55  13:36  Perdition Turret  
  55  13:46  Devastation Turret  
  55  13:49  Perdition Turret  
  55  13:50  Perdition Turret  
  55  13:52  Perdition Turret  
  55  13:54  Perdition Turret  
  55  13:56  Perdition Turret  
  55  13:58  Perdition Turret  
  55  13:59  Displacement Field  
  55  14:00  Perdition Turret  
  55  14:01  Perdition Turret x2  
  55  14:02  Perdition Turret  
  55  14:03  Perdition Turret  
  55  14:09  Structure Armor  
  55  14:15  Wraith  
  55  14:16  Wraith  
  59  14:20  Perdition Turret  
  59  14:21  Science Vessel  
  59  14:28  Perdition Turret  
  61  14:30  Perdition Turret  
  61  14:31  Defensive Matrix, Perdition Turret  
  61  14:36  Terran Vehicle And Ship Armor Level 1  
  61  14:37  Wraith  
  63  14:51  Perdition Turret  
  63  14:52  Perdition Turret x2  
  63  14:53  Perdition Turret  
  63  14:55  Wraith  
  63  14:56  Science Vessel  
  63  14:59  Improved Nano-Repair  
  67  15:09  Science Vessel, Hi-Sec Auto Tracking  
  69  15:10  Supply Depot  
  69  15:17  Wraith  
  71  15:32  Supply Depot  
  71  15:38  Wraith  
  73  15:44  Wraith  
  75  15:56  Wraith x2  
  75  15:57  Supply Depot  
  79  16:18  Wraith  
  81  16:24  Wraith  
  83  16:36  Wraith x2  
  87  16:47  Devastation Turret  
  87  17:08  Devastation Turret  
  85  17:27  Spinning Dizzy  
  85  17:32  Wraith  
  85  17:33  Wraith x2  
  91  17:48  Devastation Turret  
  91  18:07  Spinning Dizzy  
  91  18:24  Wraith x2  
  91  18:25  Wraith x2  
  99  19:04  Wraith x2  
  99  19:06  Perdition Turret x2  
  99  19:07  Perdition Turret x2  
  99  19:08  Perdition Turret  
  103  19:23  Perdition Turret, Supply Depot  
  103  19:28  Terran Vehicle and Ship Weapons Level 2  
  103  19:32  Perdition Turret  
  103  19:33  Perdition Turret  
  103  19:41  Devastation Turret  
  103  19:42  Perdition Turret x2  
  103  19:44  Devastation Turret  
  103  19:50  Perdition Turret x2  
  103  19:53  Perdition Turret  
  103  19:54  Supply Depot  
  103  20:05  Perdition Turret x2  
  103  20:06  Perdition Turret x2  
  103  20:10  Devastation Turret  
  103  20:25  Supply Depot  
  103  20:29  Perdition Turret  
  103  20:30  Perdition Turret  
  103  20:31  Perdition Turret  
  103  20:32  Perdition Turret x2  
  103  20:33  Perdition Turret  
  103  20:36  Perdition Turret, Spinning Dizzy  
  103  20:37  Perdition Turret  
  103  20:38  Perdition Turret  
  103  20:40  Perdition Turret  
  103  20:41  Perdition Turret  
  103  20:42  Perdition Turret  
  103  20:55  Perdition Turret, Spinning Dizzy  
  103  20:56  Supply Depot  
  103  21:00  Devastation Turret  
  103  21:07  Perdition Turret  
  103  21:09  Perdition Turret  
  103  21:10  Perdition Turret  
  103  21:11  Perdition Turret  
  103  21:15  Devastation Turret  
  103  21:17  Perdition Turret, Devastation Turret x2  
  103  21:18  Wraith  
  103  21:19  Perdition Turret, Wraith  
  107  21:20  Perdition Turret  
  107  21:21  Perdition Turret  
  107  21:27  Perdition Turret x4, Supply Depot  
  107  21:29  Perdition Turret  
  107  21:37  Perdition Turret  
  107  21:45  Devastation Turret  
  107  21:48  Perdition Turret x3  
  107  21:52  Perdition Turret x2  
  107  21:54  Perdition Turret  
  107  22:15  Devastation Turret  
  107  22:26  Wraith x2  
  107  22:27  Wraith x2  
  115  22:43  Devastation Turret  
  115  23:06  Wraith  
  109  24:29  Wraith x2  
  113  24:30  Wraith x2  
Tags
 
Commander
ArtanisSwann
Matchup
Co-op
Replay Pack
Multiplayer
Add a new tag
Caveats
  • Supply blocks, unpowered buildings, or Contaminate may cause inaccurate times.
  • Supply counts are checked every 10 seconds.